 Dungeon Crawl Stone Soup version 0.18-a0-1560-ge216ca8 (webtiles) character file.

576 Geeful the Bolt Thrower (level 7, 0/44 HPs)
             Began as a Kobold Hunter on Mar 12, 2016.
             Was a Follower of Trog.
             Slain by an orc warrior
             ... wielding a +0 hand axe
              (16 damage)
             ... on level 6 of the Dungeon.
             The game lasted 00:10:59 (2633 turns).

Geeful the Bolt Thrower (Kobold Hunter)             Turns: 2633, Time: 00:10:59

Health: 0/44       AC:  5    Str: 10      XL:     7   Next: 62%
Magic:  7/7        EV: 16    Int:  9      God:    Trog [*.....]
Gold:   129        SH:  0    Dex: 18 (19) Spells: 0 memorised, 6 levels left

rFire  . . .     SeeInvis .     b - +0 short sword
rCold  . . .     Gourm    .     o - +0 ring mail
rNeg   . . .     Faith    .     (shield restricted)
rPois  .         Spirit   .     (no helmet)
rElec  .         Dismiss  .     (no cloak)
rCorr  .         Reflect  .     (no gloves)
SustAt .         Harm     .     (no boots)
MR     .....                    e - amulet of regeneration
Stlth  +.........               (no ring)
                                (no ring)

@: not resistant to hostile enchantments, very unstealthy
A: carnivore 3, high mp 1, mutation resistance 1
a: Berserk, Burn Spellbooks, Renounce Religion


You were on level 6 of the Dungeon.
You worshipped Trog.
Trog was aware of your devotion.
You were very full.

You visited 1 branch of the dungeon, and saw 6 of its levels.

You collected 129 gold pieces.

Inventory:

Hand Weapons
 a - a +2 hand crossbow
 b - a +0 short sword (weapon)
Missiles
 d - 17 bolts
 g - 9 poisoned needles
Armour
 o - a +0 ring mail (worn)
Jewellery
 e - an amulet of regeneration (around neck)
Wands
 k - a wand of slowing (23/48)
 t - a wand of lightning (13/15)
Scrolls
 i - 2 scrolls of fog
 l - 2 scrolls of identify
 p - a scroll of enchant weapon
Potions
 c - a potion of curing
 j - a potion of resistance {unknown}
Comestibles
 f - 6 meat rations


   Skills:
 + Level 5.4 Fighting
 + Level 7.0 Crossbows
 + Level 5.7 Dodging
 - Level 1.3 Stealth


You had 6 spell levels left.
You didn't know any spells.

Dungeon Overview and Level Annotations

Branches:
Dungeon (7/15)             Temple (0/1) D:7

Altars:
Gozag
Pakellas
Trog


Innate Abilities, Weirdness & Mutations

You are small and have problems with some larger weapons.
You are carnivorous and can eat meat at any time.
You have an increased reservoir of magic (+10% MP).
You are somewhat resistant to further mutation.


Message History

Read which item? (? for menu, Esc to quit)
Okay, then.
Okay, then.
Drop what? 15/52 slots (_ for help) (? for menu, Esc to quit)
You drop a book of Power.
The orc warrior barely misses you. The orc wizard misses you.
The spellbook bursts into flames.
Trog is delighted!
You feel slightly less full.
The orc wizard hits you but does no damage.
The orc warrior is engulfed in roaring flames.
The orc warrior hits you but does no damage.
You hit the orc wizard but do no damage.
The orc wizard hits you but does no damage.
The orc warrior is engulfed in roaring flames.
The orc warrior hits you with a hand axe!!
Ouch! That really hurt!
You closely miss the orc wizard. The orc wizard barely misses you.
The orc warrior is engulfed in roaring flames.
The orc warrior hits you with a hand axe!
You die...

###############
#......#... ..#
###.####.#.# #.#
#so..o.....####.#
#o#.##.......##.#
#o#o##.....#.##.#
#@#o.......#.##.##
#o#...........o...
#.#.......########
#.......#########
#.##.####......)#
#.### #.......#
... #...[...## #.#
# #.......## ._..#
#.......##


You could see an orc warrior, 2 orc wizards, an orc and a giant cockroach.

Vanquished Creatures
  An ogre (D:7)
  3 hounds
  An orc priest (D:7)
  A gnoll shaman (D:6)
  An orc wizard (D:7)
  Terence (D:3)
  2 iguanas
  A worker ant (D:7)
  7 gnolls
  7 adders
  A shadow imp (D:7)
  2 worms
  A dart slug (D:2)
  5 orcs
  2 giant cockroaches (D:1)
  12 goblins
  7 hobgoblins
  3 jackals (D:4)
  2 quokkas
  9 bats
  5 giant newts
  7 kobolds
  6 rats
87 creatures vanquished.

Notes
Turn   | Place    | Note
--------------------------------------------------------------
     0 | D:1      | Geeful the Kobold Hunter began the quest for the Orb.
     0 | D:1      | Reached XP level 1. HP: 12/12 MP: 1/1
    59 | D:1      | Reached skill level 5 in Crossbows
   113 | D:1      | Reached XP level 2. HP: 18/18 MP: 2/2
   486 | D:1      | Reached XP level 3. HP: 22/22 MP: 3/3
   787 | D:2      | Reached XP level 4. HP: 28/28 MP: 4/4
  1121 | D:2      | Found a bloodstained altar of Trog.
  1125 | D:2      | Became a worshipper of Trog the Wrathful
  1342 | D:3      | Noticed Terence
  1347 | D:3      | Killed Terence
  1347 | D:3      | Reached XP level 5. HP: 31/33 MP: 5/5
  1844 | D:3      | Gained mutation: You have an increased reservoir of magic (+10% MP). [potion of beneficial mutation]
  1894 | D:3      | Gained mutation: You are somewhat resistant to further mutation. [potion of mutation]
  2027 | D:4      | Reached * piety under Trog
  2057 | D:4      | Found an oddly glowing altar of Pakellas.
  2061 | D:4      | Reached XP level 6. HP: 37/39 MP: 6/6
  2162 | D:4      | You fall through a shaft for 3 floors!
  2185 | D:7      | Noticed an ogre
  2191 | D:7      | Killed an ogre
  2191 | D:7      | Reached skill level 6 in Crossbows
  2227 | D:7      | Noticed a spriggan baker
  2242 | D:7      | Reached skill level 5 in Dodging
  2261 | D:7      | Reached XP level 7. HP: 44/44 MP: 7/7
  2265 | D:7      | Reached skill level 5 in Fighting
  2300 | D:7      | Found a staircase to the Ecumenical Temple.
  2506 | D:6      | Reached skill level 7 in Crossbows
  2547 | D:6      | Found an opulent altar of Gozag.
  2633 | D:6      | Slain by an orc warrior

Vault maps used:
D:1:      minmay_arrival_glassed_features, minmay_misc_feat_encased
D:2:      marbit_many_paths, first_bread
D:3:      uniq_terence
D:4:      yredelemnul_forgotten_temple_becter, old_standard_altar,
          hangedman_decor_lopped
D:6:      grunt_qazlal_clouds, gammafunk_temple_overflow_pools,
          nicolae_gozag_cash_rules_everything_around_me, uniq_menkaure
D:7:      lemuel_slime, grunt_temple_overflow_champion_of_chaos,
          lemuel_blue_sif_altar, minmay_temple_entry_poolview, the_bakery

Skill      XL: |  1  2  3  4  5  6  7 |
---------------+----------------------+-----
Crossbows      | 5 6 7 |  7.0
Dodging        | 3 4 5 |  5.7
Fighting       | 3 4 5 |  5.4
Stealth        | |  1.3

Action                   |  1- 3 |  4- 6 |  7- 9 || total
-------------------------+-------+-------+-------++-------
Melee: Short sword       |     4 |       |     6 ||    10
 Fire: Hand crossbow     |    57 |   115 |    41 ||   213
Invok: Burn Spellbooks   |       |       |     1 ||     1
  Use: Potion            |       |     9 |       ||     9
       Scroll            |       |     7 |       ||     7
  Eat: Chunk             |     8 |     5 |       ||    13
